 Dungeon Crawl Stone Soup version 0.25-a0-578-gc91f01c39c (webtiles) character file.

Game seed: 11741850021641845623, levelgen mode: deterministic

37 KiliKikkendorf the Chiller (level 3, -3/27 HPs)
             Began as a Ghoul Ice Elementalist on Mar 7, 2020.
             Slain by a worm (8 damage)
             ... on level 2 of the Dungeon.
             The game lasted 00:13:36 (959 turns).

KiliKikkendorf the Chiller (Ghoul Ice Elementalist)  Turns: 959, Time: 00:13:36

Health: -3/27      AC:  3    Str: 11    XL:     3   Next: 41%
Magic:  2/5        EV: 12    Int: 11    God:
Gold:   93         SH:  0    Dex:  9    Spells: 2/6 levels left

rFire    . . .     SeeInvis .   (no weapon)
rCold    + . .     Gourm    .   (no shield)
rNeg     + + +     Faith    .   a - +1 robe
rPois    ∞         Spirit   .   (no helmet)
rElec    .         Reflect  .   (no cloak)
rCorr    .         Harm     .   (no gloves)
MR       .....                  (no boots)
Stlth    ++........             (no amulet)
HPRegen  0.00/turn              (no ring)
MPRegen  0.09/turn              (no ring)

@: rotting
A: rotting body, claws 1, carnivore, cold resistance 1, negative energy
resistance 3, inhibited regeneration, torment resistance, unbreathing
a: no special abilities


You were on level 2 of the Dungeon.
You were not hungry.

You visited 1 branch of the dungeon, and saw 2 of its levels.

You collected 93 gold pieces.

Inventory:

Armour
 a - a +1 robe (worn)
Potions
 d - 2 potions of magic
Comestibles
 c - 4 rations


   Skills:
 + Level 0.3 Fighting
 + Level 2.1 Dodging
 + Level 2.4 Stealth
 + Level 0.2 Unarmed Combat
 + Level 2.0 Spellcasting
 + Level 5.0 Ice Magic


You had 2 spell levels left.
You knew the following spells:

 Your Spells              Type           Power        Failure   Level  Hunger
a - Freeze                Ice            ##..         3%          1    ##.....
b - Ozocubu's Armour      Chrm/Ice       #.......     30%         3    ####...

Your spell library contained the following spells:

 Spells                   Type           Power        Failure   Level  Hunger
 Frozen Ramparts          Ice            ##....       11%         3    ####...
 Hailstorm                Conj/Ice       #.......     71%         4    #####..
 Summon Ice Beast         Ice/Summ       #.......     71%         4    #####..


Dungeon Overview and Level Annotations

Branches:
Dungeon (2/15)

Altars:
Nemelex Xobeh


Innate Abilities, Weirdness & Mutations

Your body is rotting away.
You thrive on raw meat.
You are immune to poison.
You have sharp fingernails.
You are carnivorous and can eat meat at any time.
Your flesh is cold resistant. (rC+)
You are immune to negative energy. (rN+++)
You do not regenerate when monsters are visible.
You are immune to unholy pain and torment.
You can survive without breathing.


Message History

The worm bites you!
Casting: Freeze (safe; 3% risk of failure)
Confirm with . or Enter, or press ? or * to list all spells.
You don't know that spell.
Unknown command.
Casting: Freeze (safe; 3% risk of failure)
Confirm with . or Enter, or press ? or * to list all spells.
Aiming: Freeze (safe; 3% risk of failure)
Press: ? - help, Shift-Dir - straight line, f/p - worm
Aim: a worm (heavily wounded)
You freeze the worm.
The worm is almost dead.
The worm bites you.
* * * LOW HITPOINT WARNING * * *
A goblin comes into view. It is wielding a -2 club.
Okay, then.
The goblin shouts!
The goblin hits you but does no damage. The worm bites you!
You die...

################.# #.
#....†.#.......#.#....
#.####.#..............
#.##.#....###.##..#.#....
#.................# # .
......#.#..........#.#+#.#
........#................#
......###.....gw............
...... #....<@.........####
..... ..>.................#
..... ...............#.#..#
... ..............###.#..#
..............# .# ...
#.#............ .# ..
#.....#....##### ##.#.#....#


You could see a worm and a goblin.

Vanquished Creatures
  An ooze (D:1)
  A dart slug (D:1)
  A leopard gecko (D:1)
  4 bats (D:1)
  A giant cockroach (D:1)
  6 hobgoblins (D:1)
  A frilled lizard (D:1)
  6 goblins (D:1)
  3 kobolds (D:1)
  3 rats
  A plant (D:1)
28 creatures vanquished.

Notes
Turn   | Place    | Note
-------+----------+-------------------------------------------
     0 | D:1      | KiliKikkendorf the Ghoul Ice Elementalist began the quest
                  | for the Orb.
     0 | D:1      | Reached XP level 1. HP: 14/14 MP: 2/2
   157 | D:1      | Reached XP level 2. HP: 20/20 MP: 0/3
   297 | D:1      | Found a sparkling altar of Nemelex Xobeh.
   464 | D:1      | Reached skill level 5 in Ice Magic
   464 | D:1      | Reached XP level 3. HP: 25/26 MP: 1/4
   538 | D:1      | Learned a level 3 spell: Ozocubu's Armour
   959 | D:2      | Slain by a worm

Levels and vault maps discovered:
D:1:      mrwooster_arrival_arrow, layout_basic, minivault_23,
          serial_bayou_pond_e, nemelex_xobeh_ov_fountains_minmay
D:2:      layout_basic, uniq_natasha

Skill      XL: |  1  2  3 |
---------------+----------+-----
Dodging        | 2 |  2.1
Ice Magic      | 5 |  5.0
Spellcasting   | 2 |  2.0
Fighting       | |  0.3
Stealth        | |  2.4
Unarmed Combat | |  0.2

Action                   || total
-------------------------++-------
Melee: Unarmed           ||    91
 Cast: Freeze            ||    39
  Use: Scroll            ||     3
       Potion            ||     2
  Eat: Chunk             ||     7
Armor: Robe              ||    10
Dodge: Dodged            ||    34

Table legend:
 A = Non-vault XP
 B = Vault XP
 C = Vault XP percentage of total XP
 D = Non-vault monster count
 E = Vault monster count
 F = Vault count percentage of total count
                 A         B        C        D         E       F
            +---------+---------+-------+---------+---------+-------
      Total |      54 |       0 |   0.0 |      27 |       0 |   0.0
            +---------+---------+-------+---------+---------+-------
        D:1 |      52 |       0 |   0.0 |      25 |       0 |   0.0
        D:2 |       2 |       0 |   0.0 |       2 |       0 |   0.0
            +---------+---------+-------+---------+---------+-------
